 Dungeon Crawl Stone Soup version 0.28.0-1-gb440e238dd (webtiles) character file.

Game seed: 451808118758829749

1476507 joshe the Petrodigitator (level 27, 191/201 HPs)
             Began as an Octopode Conjurer on Feb 19, 2022.
             Was an Initiate of Gozag.
             Escaped with the Orb
             ... and 3 runes on Feb 25, 2022!
             The game lasted 15:45:32 (131876 turns).

joshe the Petrodigitator (Octopode Conjurer)      Turns: 131876, Time: 15:45:32

Health: 191/201    AC: 11    Str: 18    XL:     27
Magic:  56/81      EV: 21    Int: 54    God:    Gozag
Gold:   2430       SH: 21    Dex: 13    Spells: 2/80 levels left

rFire   + . .      SeeInvis +   B - staff of conjuration
rCold   + + +      Faith    .   D - +8 kite shield of the Yeti {Drain rF- Will+++ SInv}
rNeg    + + +      Spirit   +   V - +2 hat {Stlth+}
rPois   +          Reflect  .   v - amulet of Wici {Spirit rC++ rN+ MP+9 Str+3}
rElec   +          Harm     .   E - ring of the Tortoise {AC+8}
rCorr   +          Rampage  .   N - ring "Ronyuc" {rPois rF+ rN++ Stlth+}
Will    +++++                   J - ring of Faocoq {Fly rPois Int+5}
Stlth   +++.......              U - ring of the Messenger {Will++ MP+9 Str-3 Int+4 Dex-2}
HPRegen 0.43/turn               g - ring of Winuawir {rN+ MP+9 Str+2}
MPRegen 0.47/turn               s - ring of Attitude {Wiz rElec Str+4 Stlth-}
                                P - ring "Ani Aky" {rCorr Int+6 Dex+4}
                                I - ring "Gaith" {Contam rF+ Str+5 Int+6}

@: gold aura, flying, studying 5 skills
A: almost no armour, amphibious, 8 rings, camouflage 1, gelatinous body 1,
(nimble swimmer 1), tentacles, fangs 1, cold resistance 1, wild magic 1
0: Orb of Zot
}: 3/15 runes: decaying, serpentine, silver
a: Renounce Religion, Potion Petition, Call Merchant, Bribe Branch


You escaped.
You worshipped Gozag.
Gozag was most pleased with you.
You visited 11 branches of the dungeon, and saw 52 of its levels.
You completed 1 ziggurat, and saw 27 of its levels.
You also visited: Sewer, Bailey and Ice Cave.

You collected 41922 gold pieces.
You spent 10582 gold pieces at shops.
You paid 28910 gold pieces to Gozag.

Inventory:

Hand Weapons
 Q - the +5 scimitar of the Foot {vorpal, rF+ rC++}
   (You found it on level 22 of a ziggurat)

   It inflicts extra damage upon your enemies.
   rF:        It protects you from fire.
   rC:        It greatly protects you from cold.
Missiles
 b - a throwing net
Armour
 D - the +8 kite shield of the Yeti (worn) {Drain rF- Will+++ SInv}
   (You acquired it on level 12 of the Dungeon)

   rF:        It makes you vulnerable to fire.
   SInv:      It lets you see invisible.
   Drain:     It drains your maximum health when unequipped.
   Will:      It greatly increases your willpower.
 V - a +2 hat of stealth (worn)
Magical Staves
 q - a staff of earth
 B - a staff of conjuration (weapon)
Jewellery
 e - the ring "Hutteq" {rCorr MP+9}
   (You found it on level 20 of a ziggurat)

   [ring of magical power]

   MP:        It affects your magic capacity (+9).
   rCorr:     It protects you from acid and corrosion.
 f - the ring of Shadows {Umbra +Inv Stlth+}
   (You found it on level 2 of the Crypt)

   [ring of stealth]

   It surrounds you with an aura of shadow, increasing your stealth and reducing
   the accuracy of all others within it.
   +Inv:      It lets you turn invisible.
   Stlth:     It makes you more stealthy.
 g - the ring of Winuawir (on tentacle) {rN+ MP+9 Str+2}
   (You found it on level 3 of the Crypt)

   [ring of positive energy]

   Str:       It affects your strength (+2).
   rN:        It protects you from negative energy.
   MP:        It affects your magic capacity (+9).
 i - the ring "Vybetz" {EV+4 Dex+2}
   (You found it on level 27 of a ziggurat)

   [ring of evasion]

   EV:        It affects your evasion (+4).
   Dex:       It affects your dexterity (+2).
 s - the ring of Attitude (on tentacle) {Wiz rElec Str+4 Stlth-}
   (You found it on level 8 of a ziggurat)

   [ring of wizardry]

   It improves your spell success rate.
   Str:       It affects your strength (+4).
   rElec:     It insulates you from electricity.
   Stlth:     It makes you less stealthy.
 v - the amulet of Wici (around mantle) {Spirit rC++ rN+ MP+9 Str+3}
   (You found it on level 4 of the Dungeon)

   [amulet of guardian spirit]

   It causes incoming damage to be divided between your reserves of health and
   magic.
   Str:       It affects your strength (+3).
   rC:        It greatly protects you from cold.
   rN:        It protects you from negative energy.
   MP:        It affects your magic capacity (+9).
 x - the amulet "Matat" {Reflect Regen+ rCorr Dex-2 SH+5}
   (You found it on level 11 of a ziggurat)

   [amulet of reflection]

   It reflects blocked missile attacks.
   Dex:       It affects your dexterity (-2).
   Regen:     It increases your rate of health regeneration.
   rCorr:     It protects you from acid and corrosion.
   SH:        It affects your SH (+5).
 y - the ring of Xom's Wantonness {rElec rF++ AC+4 Int-3}
   (You found it on level 22 of a ziggurat)

   [ring of protection]

   AC:        It affects your AC (+4).
   Int:       It affects your intelligence (-3).
   rF:        It greatly protects you from fire.
   rElec:     It insulates you from electricity.
 E - the ring of the Tortoise (left tentacle) {AC+8}
   (You took it off a deep elf zephyrmancer on level 3 of the Elven Halls)

   [ring of protection]

   AC:        It affects your AC (+8).
 G - the ring of Jutewn {rElec rCorr AC+4 Int-5 Stlth+}
   (You bought it in a shop on level 2 of the Orcish Mines)

   [ring of protection]

   AC:        It affects your AC (+4).
   Int:       It affects your intelligence (-5).
   rElec:     It insulates you from electricity.
   rCorr:     It protects you from acid and corrosion.
   Stlth:     It makes you more stealthy.
 I - the ring "Gaith" (on tentacle) {Contam rF+ Str+5 Int+6}
   (You bought it in a shop on level 2 of the Orcish Mines)

   [ring of intelligence]

   Str:       It affects your strength (+5).
   Int:       It affects your intelligence (+6).
   rF:        It protects you from fire.
   Contam:    It causes magical contamination when unequipped.
 J - the ring of Faocoq (on tentacle) {Fly rPois Int+5}
   (You bought it in a shop on level 2 of the Orcish Mines)

   [ring of flight]

   Int:       It affects your intelligence (+5).
   rPois:     It protects you from poison.
   Fly:       It grants you flight.
 M - the ring of the Original Sin {rN+ rCorr Int+2 Dex-4 Stlth+}
   (You took it off a deep elf zephyrmancer on level 3 of the Elven Halls)

   [ring of positive energy]

   Int:       It affects your intelligence (+2).
   Dex:       It affects your dexterity (-4).
   rN:        It protects you from negative energy.
   rCorr:     It protects you from acid and corrosion.
   Stlth:     It makes you more stealthy.
 N - the ring "Ronyuc" (right tentacle) {rPois rF+ rN++ Stlth+}
   (You took it off a deep elf elementalist on level 3 of the Elven Halls)

   [ring of poison resistance]

   rF:        It protects you from fire.
   rPois:     It protects you from poison.
   rN:        It greatly protects you from negative energy.
   Stlth:     It makes you more stealthy.
 P - the ring "Ani Aky" (on tentacle) {rCorr Int+6 Dex+4}
   (You found it on level 21 of a ziggurat)

   [ring of intelligence]

   Int:       It affects your intelligence (+6).
   Dex:       It affects your dexterity (+4).
   rCorr:     It protects you from acid and corrosion.
 U - the ring of the Messenger (on tentacle) {Will++ MP+9 Str-3 Int+4 Dex-2}
   (You found it on level 16 of a ziggurat)

   [ring of magical power]

   Str:       It affects your strength (-3).
   Int:       It affects your intelligence (+4).
   Dex:       It affects your dexterity (-2).
   MP:        It affects your magic capacity (+9).
   Will:      It greatly increases your willpower.
 W - the ring of Werrikko {rC++ rCorr Stlth-}
   (You found it on level 26 of a ziggurat)

   [ring of resist corrosion]

   rC:        It greatly protects you from cold.
   rCorr:     It protects you from acid and corrosion.
   Stlth:     It makes you less stealthy.
Wands
 h - a wand of iceblast (57)
 k - a wand of digging (14)
 z - a wand of paralysis (11)
 H - a wand of mindburst (42)
 Z - a wand of acid (10)
Scrolls
 l - 9 scrolls of silence
 m - 22 scrolls of fog
 p - 3 scrolls of brand weapon
 r - 33 scrolls of teleportation
 t - 5 scrolls of immolation
 w - 13 scrolls of amnesia
 C - 10 scrolls of fear
 L - 13 scrolls of magic mapping
 O - 6 scrolls of holy word
 R - 11 scrolls of enchant weapon
 X - 2 scrolls of blinking
Potions
 c - 15 potions of curing
 d - 9 potions of might
 j - 3 potions of resistance
 o - 2 potions of brilliance
 u - a potion of invisibility
 F - a potion of heal wounds
 K - 32 potions of mutation
 T - 2 potions of haste
Miscellaneous
 a - a condenser vane
 n - a phantom mirror (inert)
 A - a box of beasts
 S - a +1 figurine of a ziggurat


   Skills:
 - Level 20.0 Fighting
 - Level 20.0 Dodging
 - Level 12.0 Stealth
 - Level 16.0 Shields
 O Level 27 Spellcasting
 + Level 24.2 Conjurations
 - Level 15.0 Hexes
 - Level 16.0 Summonings
 - Level 8.0 Necromancy
 - Level 4.0 Translocations
 O Level 27 Earth Magic
 - Level 2.0 Poison Magic
 - Level 8.0 Invocations
 - Level 3.0 Evocations


You had 2 spell levels left.
You knew the following spells:

 Your Spells              Type           Power      Damage    Failure   Level
a - Shatter               Erth           84%        3d61*     1%          9
b - Enfeeble              Hex            70%        N/A       1%          7
c - Fulminant Prism       Conj/Hex       89%        3d35      1%          4
d - Iskenderun's Mystic   Conj/Tloc      100%       2d19      1%          4
e - Orb of Destruction    Conj           95%        9d20      1%          7
f - Monstrous Menagerie   Summ           72%        N/A       1%          7
g - Iskenderun's Battles  Conj           100%       2d15      1%          5
h - Iron Shot             Conj/Erth      96%        9d17      1%          6
i - Spellforged Servitor  Conj/Summ      90%        N/A       1%          7
j - Sublimation of Blood  Necr           100%       N/A       1%          2
k - Lee's Rapid Deconstr  Erth           84%        3d38*     1%          5
l - Lehudib's Crystal Sp  Conj/Erth      96%        10d21     1%          8
m - Passage of Golubria   Tloc           100%       N/A       1%          4
n - Swiftness             Air            76%        N/A       1%          3

Your spell library contained the following spells:

 Spells                   Type           Power      Damage    Failure   Level
 Animate Skeleton         Necr           100%       N/A       1%          1
 Apportation              Tloc           100%       N/A       1%          1
 Foxfire                  Conj/Fire      100%       2x1d9     1%          1
 Freeze                   Ice            100%       1d11      1%          1
 Magic Dart               Conj           100%       1d8       1%          1
 Pain                     Necr           100%       1d9       1%          1
 Sandblast                Erth           100%       2d20      1%          1
 Shock                    Conj/Air       100%       1d9       1%          1
 Slow                     Hex            100%       N/A       1%          1
 Sting                    Tmut/Pois      100%       1d8       1%          1
 Summon Small Mammal      Summ           100%       N/A       1%          1
 Blink                    Tloc           100%       N/A       1%          2
 Call Imp                 Summ           100%       N/A       1%          2
 Corpse Rot               Necr/Air       100%       N/A       1%          2
 Poisonous Vapours        Pois/Air       100%       N/A       1%          2
 Searing Ray              Conj           100%       2d8       1%          2
 Static Discharge         Conj/Air       100%       N/A       1%          2
 Wereblood                Tmut           76%        N/A       1%          2
 Call Canine Familiar     Summ           100%       N/A       1%          3
 Confusing Touch          Hex            100%       N/A       1%          3
 Conjure Flame            Conj/Fire      100%       6-21      1%          3
 Dazzling Flash           Conj/Hex       100%       N/A       1%          3
 Frozen Ramparts          Ice            100%       1d12      1%          3
 Gell's Gravitas          Tloc           100%       N/A       1%          3
 Ignite Poison            Fire/Tmut/Pois 81%        N/A       1%          3
 Inner Flame              Hex/Fire       100%       N/A       1%          3
 Lesser Beckoning         Tloc           100%       N/A       1%          3
 Mephitic Cloud           Conj/Pois/Air  100%       N/A       1%          3
 Ozocubu's Armour         Ice            76%        N/A       1%          3
 Portal Projectile        Hex/Tloc       100%       N/A       1%          3
 Spider Form              Tmut/Pois      83%        N/A       1%          3
 Summon Guardian Golem    Hex/Summ       100%       N/A       1%          3
 Teleport Other           Tloc           100%       N/A       1%          3
 Tukima's Dance           Hex            100%       N/A       1%          3
 Vampiric Draining        Necr           100%       2d13      1%          3
 Airstrike                Air            38%        N/A       1%          4
 Anguish                  Hex/Necr       65%        N/A       1%          4
 Animate Dead             Necr           59%        N/A       1%          4
 Cause Fear               Hex            70%        N/A       1%          4
 Dispel Undead            Necr           100%       3d31      1%          4
 Flame Wave               Conj/Fire      100%       2d17      1%          4
 Hailstorm                Conj/Ice       100%       3d20      1%          4
 Ice Form                 Ice/Tmut       76%        N/A       1%          4
 Leda's Liquefaction      Hex/Erth       78%        N/A       1%          4
 Olgreb's Toxic Radiance  Pois           89%        N/A       1%          4
 Petrify                  Tmut/Erth      100%       N/A       1%          4
 Sticky Flame             Conj/Fire      100%       2d11      1%          4
 Summon Ice Beast         Ice/Summ       100%       N/A       1%          4
 Summon Lightning Spire   Summ/Air       100%       N/A       1%          4
 Borgnjor's Vile Clutch   Necr/Erth      74%        N/A       1%          5
 Excruciating Wounds      Necr           59%        N/A       1%          5
 Fireball                 Conj/Fire      79%        3d29      1%          5
 Freezing Cloud           Conj/Ice/Air   71%        6-21      1%          5
 Irradiate                Conj/Tmut      79%        3d40      1%          5
 Lightning Bolt           Conj/Air       79%        1d105     1%          5
 Manifold Assault         Tloc           100%       N/A       1%          5
 Metabolic Englaciation   Hex/Ice        58%        N/A       1%          5
 Silence                  Hex/Air        58%        N/A       1%          5
 Summon Forest            Summ/Tloc      62%        N/A       1%          5
 Summon Mana Viper        Hex/Summ       100%       N/A       1%          5
 Yara's Violent Unravell  Hex/Tmut       58%        3d22      1%          5
 Conjure Ball Lightning   Conj/Air       79%        3x3d30    1%          6
 Death Channel            Necr           59%        N/A       1%          6
 Starburst                Conj/Fire      79%        6d20      1%          6
 Statue Form              Tmut/Erth      91%        N/A       1%          6
 Summon Cactus Giant      Summ           72%        N/A       1%          6
 Malign Gateway           Summ/Tloc      62%        N/A       1%          7
 Summon Hydra             Summ           72%        N/A       1%          7
 Discord                  Hex            70%        N/A       1%          8
 Summon Horrible Things   Summ           72%        N/A       1%          8
 Alistair's Intoxication  Tmut/Pois      55%        N/A       2%          5
 Blade Hands              Tmut           38%        N/A       3%          5
 Dispersal                Tloc           50%        N/A       4%          6
 Simulacrum               Ice/Necr       50%        N/A       4%          6
 Eringya's Noxious Bog    Tmut/Pois      41%        N/A       12%         6
 Dragon's Call            Summ           72%        N/A       16%         9
 Borgnjor's Revivificati  Necr           59%        N/A       24%         8
 Chain Lightning          Conj/Air       79%        3d105     52%         9
 Fire Storm               Conj/Fire      79%        8d20      52%         9
 Dragon Form              Tmut           38%        N/A       58%         7
 Ozocubu's Refrigeration  Ice            38%        4d12      58%         7
 Storm Form               Tmut/Air       38%        N/A       58%         7
 Disjunction              Tloc           50%        N/A       71%         8
 Necromutation            Tmut/Necr      50%        N/A       71%         8
 Death's Door             Necr           59%        N/A       96%         9
 Maxwell's Capacitive Co  Air            38%        ∞         99%         8
 Polar Vortex             Ice            38%        N/A       100%        9
 Animate Armour           Summ/Erth      Unusable   N/A       N/A         4

Dungeon Overview and Level Annotations

Branches:
Dungeon (15/15)            Temple (1/1) D:7            Lair (6/6) D:9
  Swamp (4/4) Lair:4        Snake (4/4) Lair:3        Slime (0/5) Lair:5
    Orc (2/2) D:9             Elf (3/3) Orc:2        Vaults (5/5) D:13
  Crypt (3/3) Vaults:3       Tomb (0/3) Crypt:3      Depths (4/4) D:15
    Zot (5/5) Depths:4      Sewer (visited)          Bailey (visited)
  IceCv (visited)

Altars:
Ashenzari
Cheibriados
Dithmenos
Elyvilon
Fedhas
Gozag
Kikubaaqudgha
Makhleb
Okawaru
Qazlal
Sif Muna
Trog
Uskayaw
Wu Jian
Xom
The Shining One
Beogh

Shops:
D:4 [   D:9 (:((   D:12 :   D:14 [   Orc:2 *!((*=*=:?===**   Elf:1 *
Elf:3 *((   Vaults:1 :([!   Vaults:3 [   Vaults:4 [   Vaults:5 !   Depths:1 =:=

Portals:
Hell: Depths:1 Depths:2 Depths:3 Depths:4
Abyss: Depths:2 Depths:3 Depths:4
Pandemonium: Depths:2


Innate Abilities, Weirdness & Mutations

You cannot wear most types of armour.
You are amphibious.
You can wear up to eight rings at the same time.
Your skin changes colour to match your surroundings (Stealth+).
Your rubbery body absorbs attacks. (AC +1, EV +1)
((You are camouflaged when in or above water. (Stealth+)))
You have tentacles for arms and can constrict up to eight enemies at once.
You have very sharp teeth.
Your flesh is cold resistant. (rC+)
Your spells are a little harder to cast, but a little more powerful.


Message History

Aiming: Lehudib's Crystal Spear (mildly dangerous; 1% risk of failure)
Press: ? - help, Shift-Dir - straight line, f/p - profane servitor
Aim: a profane servitor, wielding a +3 whip (heavily damaged, umbra, 65% to hit)
You feel a surge of power!
The crystal spear hits the profane servitor!!!!
You destroy the profane servitor!
You see here a +0 club.
A Hell Sentinel comes into view.
Casting: Lehudib's Crystal Spear (mildly dangerous; 1% risk of failure)
Confirm with . or Enter, or press ? or * to list all spells.
You can't see any susceptible monsters within range! (Use Z to cast anyway.)
Casting: Lehudib's Crystal Spear (mildly dangerous; 1% risk of failure)
Confirm with . or Enter, or press ? or * to list all spells.
Aiming: Orb of Destruction (safe; 1% risk of failure)
Press: ? - help, Shift-Dir - straight line, f - Hell Sentinel
Aim: a Hell Sentinel You feel a surge of power!
The Hell Sentinel gestures at you.
The sphere of damnation explodes!
The damnation engulfs you!
Unknown command.
Casting: Orb of Destruction (safe; 1% risk of failure)
Confirm with . or Enter, or press ? or * to list all spells.
Aiming: Orb of Destruction (safe; 1% risk of failure)
Press: ? - help, Shift-Dir - straight line, f/p - Hell Sentinel
Aim: a Hell Sentinel (ally target)
You feel a surge of power!
The orb of destruction hits the Hell Sentinel!!!!
The Hell Sentinel is severely wounded.
Unknown command.
Casting: Orb of Destruction (safe; 1% risk of failure)
Confirm with . or Enter, or press ? or * to list all spells.
Aiming: Lehudib's Crystal Spear (mildly dangerous; 1% risk of failure)
Press: ? - help, Shift-Dir - straight line, f/p - Hell Sentinel
Aim: a Hell Sentinel (magical condensation, severely wounded, ally target, 99% to hit)
You feel a surge of power!
The crystal spear hits the Hell Sentinel!!!!!
You kill the Hell Sentinel!
Your orb of destruction hits a rock wall.
There is a staircase leading out of the dungeon here.
You have escaped!

## #.# #.#.......#..... #####.#
#.###.###.#.....
#########.....####.......#.##....
#........................#.##....
#.#######....#######.....#.##....
#.# ##......####...#.#.###.## #.#
#.≈≈.###...$.○#...#.#>.. #.#
#.≈≈.#...#....###.#.#### #.#
#....#.@.#....# #....[.. #.#
#....#...#.≈≈.# #.#...## #.#
#......###.≈≈.###.#$.... #.#
##...####......#.)......# #.#
##....# ####...).##....## #.#
#.....# #.....#....... #.#
#.##### #.....###...## #.# #.#
#####.###....[ #.# #.# #.......##


There were no monsters in sight!

Vanquished Creatures
  6 dread liches
  10 ancient liches
  3 orbs of fire
  A royal mummy (Zig:11)
  The ghost of deprived the Acolyte, a veteran HOFi of the Shining One (Vaults:2)
  Boris (Crypt:2)
  Saint Roka (Vaults:2)
  Bai Suzhen (Swamp:4)
  6 caustic shrikes
  the Lernaean hydra (Swamp:4)
  Margery (Depths:3)
  A shard shrike (Zig:14)
  12 Killer Klowns
  3 curse toes
  Nikola (Swamp:4)
  9 golden dragons
  4 bone dragons
  16 pandemonium lords
  A profane servitor (D:1)
  A Tzitzimitl (Zig:8)
  6 electric golems
  7 hellephants
  A Brimstone Fiend (D:4)
  2 Hell Sentinels
  Mlioglotl (Swamp:2)
  19 tentacled monstrosities
  4 Ice Fiends
  8 quicksilver dragons
  18 Orb Guardians
  3 deep elf master archers
  A titan (Vaults:5)
  9 liches
  2 deep elf blademasters
  2 acid blobs (Zig:13)
  4 sphinxes
  14 tentacled starspawn
  6 ancient champions
  13 death cobs
  4 Executioners
  16 storm dragons
  4 tengu reavers
  13 draconian monks
  17 nagarajas
  4 shadow dragons
  A fenstrider witch (shapeshifter) (Zig:19)
  3 daevas
  A fire giant (shapeshifter) (Zig:19)
  4 revenants (Zig:20)
  Roxanne (Swamp:2)
  3 rockslimes (Zig:13)
  14 draconian knights
  3 azure jellies (Zig:13)
  8 fire giants
  3 narguns (Zig:14)
  5 frost giants
  8 vault wardens
  2 quicksilver elementals (Zig:4)
  21 draconian scorchers
  2 cacodemons
  10 ghost moths
  An emperor scorpion (shapeshifter) (Zig:19)
  4 deep elf sorcerers
  5 emperor scorpions
  An iron dragon (Depths:4)
  8 curse skulls
  2 orc warlords
  A juggernaut zombie (Zig:24)
  4 deep elf elementalists
  13 draconian stormcallers
  2 balrugs
  11 ironbound preservers
  17 draconian shifters
  19 very ugly things
  5 war gargoyles
  A quicksilver ooze (Zig:13)
  An angel (Zig:3)
  4 spriggan defenders
  2 broodmothers (Zig:23)
  8 reapers
  19 draconian annihilators
  9 stone giants
  4 ironbound thunderhulks
  2 bennus (Zig:11)
  4 demonspawn corrupters
  32 slime creatures
  6 ghouls
  2 demonspawn black suns
  10 green draconians
  An apis (Zig:3)
  2 deep elf demonologists
  2 grey draconians (Depths:4)
  3 vampire knights
  12 black draconians
  5 deep elf annihilators
  4 eleionomae
  13 red draconians
  2 bunyips
  A dire elephant (shapeshifter) (Zig:19)
  5 spark wasps
  6 wendigos (Zig:14)
  5 entropy weavers
  8 dire elephants
  14 purple draconians
  14 white draconians
  11 yellow draconians
  6 ettins
  A blizzard demon (Zig:12)
  An iron golem (Zig:4)
  2 mummy priests (Zig:11)
  4 green deaths
  4 jiangshi
  3 merfolk javelineers
  6 deep elf death magi
  12 eidola
  Josephine (Lair:6)
  5 fire dragons
  A hell beast (Zig:18)
  8 yaktaur captains
  7 naga warriors
  4 deep elf high priests
  3 ice dragons
  2 ghost crabs (Swamp:2)
  7 great orbs of eyes
  5 boulder beetles
  32 vault guards
  An alligator snapping turtle (Zig:16)
  9 salamander tyrants
  A spriggan zombie (Crypt:1)
  32 hydras
  5 ogre magi
  5 catoblepae
  16 two-headed ogres
  2 jorogumos (Zig:23)
  2 spriggan skeletons
  3 rakshasas
  5 alligators
  A jorogumo (shapeshifter) (Vaults:5)
  9 ironbound frosthearts
  5 spriggan air magi
  2 anacondas (shapeshifter) (Zig:18)
  6 centaur warriors
  A fenstrider witch skeleton (Crypt:3)
  A radroach (shapeshifter) (Vaults:5)
  3 deep troll shamans
  2 death knights
  2 radroaches (Zig:23)
  An alligator snapping turtle (shapeshifter) (Zig:19)
  5 anacondas
  A two-headed ogre (shapeshifter) (Zig:18)
  3 tengu warriors
  15 vampire magi
  5 orc high priests
  4 death scarabs (Zig:11)
  2 titan zombies
  3 deep troll earth magi
  8 spriggan berserkers
  3 hell hogs
  3 death yaks (Lair:4)
  12 thrashing horrors
  7 naga sharpshooters
  A sun demon (D:7)
  8 shock serpents
  19 spriggans
  14 hell knights
  16 wretched stars
  2 soul eaters
  3 iron trolls (shapeshifter)
  7 shadow wraiths
  A sixfirhy (Zig:24)
  A sun moth (Zig:23)
  15 deep elf knights
  An iron troll (Depths:3)
  6 spatial maelstroms
  2 salamander mystics
  21 skeletal warriors
  A fire crab (shapeshifter) (Zig:12)
  3 pharaoh ants
  5 goliath frogs
  A sea snake (shapeshifter) (Vaults:5)
  4 steelbarb worms
  11 spriggan druids
  7 glowing orange brains
  6 orb spiders
  6 bog bodies
  12 swamp dragons
  A spark wasp zombie (Crypt:1)
  29 deep trolls
  An anaconda zombie (Crypt:3)
  2 glowing orange brains (shapeshifter)
  9 flayed ghosts
  A bunyip skeleton (Crypt:3)
  2 orange crystal statues (Zig:4)
  A golden dragon skeleton (Crypt:3)
  29 deep elf zephyrmancers
  6 naga ritualists
  An obsidian statue (Zig:4)
  18 ironbound convokers
  11 mana vipers
  10 deep elf archers
  3 phantasmal warriors
  4 necromancers
  11 lindwurms
  16 wizards
  A stone giant zombie (Crypt:1)
  9 orc knights
  32 ugly things
  24 deep elf pyromancers
  2 orc sorcerers
  4 cyclopes
  A sphinx skeleton (Crypt:1)
  7 wolf spiders (Zig:23)
  4 will-o-the-wisps
  A human zombie (Vaults:1)
  A wolf spider (shapeshifter) (Vaults:5)
  43 large abominations
  11 elephants
  A manticore (shapeshifter) (Zig:9)
  16 salamanders
  A toenail golem (D:15)
  3 worldbinders
  3 manticores
  A naga zombie (Crypt:1)
  14 naga magi
  2 ice statues
  A torpor snail (shapeshifter) (Zig:18)
  16 moths of wrath
  17 vault sentinels
  A guardian serpent (shapeshifter) (Zig:18)
  46 black mambas
  8 torpor snails
  12 apocalypse crabs
  A frost giant skeleton (Zig:11)
  13 guardian serpents
  A molten gargoyle (Lair:6)
  15 smoke demons
  3 gargoyles (Crypt:3)
  A titan simulacrum (Zig:14)
  24 cane toads
  3 eyes of devastation (Zig:13)
  6 rime drakes
  2 orange demons
  3 dire elephant skeletons
  4 demonic crawlers (Zig:23)
  5 unseen horrors
  3 anaconda simulacra (IceCv)
  7 nameless horrors
  7 freezing wraiths
  4 hellions
  2 tengu conjurers
  An alligator snapping turtle skeleton (Crypt:3)
  7 yaktaurs
  2 efreet (Zig:24)
  17 ancient zymes
  4 tormentors
  9 komodo dragons
  A harpy zombie (Crypt:1)
  2 hellwings
  A pale draconian skeleton (Crypt:1)
  3 tyrant leeches (Swamp:1)
  9 guardian mummies (Zig:11)
  A queen bee (shapeshifter) (Vaults:5)
  5 polar bears
  A red devil (Crypt:3)
  2 trolls (shapeshifter)
  6 trolls
  4 meliai (Zig:23)
  A wind drake (shapeshifter) (Zig:26)
  A wind drake (Zig:6)
  2 tarantellas (Zig:23)
  A harpy skeleton (Crypt:3)
  7 hornets
  10 raiju
  2 blink frogs
  15 dream sheep
  2 raiju (shapeshifter)
  A fire giant simulacrum (Zig:12)
  A meliai zombie (Crypt:2)
  An ettin zombie (Crypt:1)
  A jumping spider (shapeshifter) (Zig:19)
  5 jumping spiders (Zig:23)
  Sigmund (D:3)
  3 culicivoras (Zig:23)
  16 small abominations
  A spriggan (shapeshifter) (Zig:18)
  An ettin skeleton (Crypt:3)
  5 shadows
  A vampire (D:8)
  An ushabti (Zig:11)
  9 wraiths
  6 ynoxinuls
  A dire elephant simulacrum (IceCv)
  59 yaks
  2 air elementals (Elf:1)
  12 wyverns
  9 water elementals
  A basilisk (shapeshifter) (Zig:19)
  A fire bat (Depths:1)
  6 redbacks
  4 basilisks
  2 fire elementals
  3 golden eyes
  A black mamba skeleton (Crypt:2)
  3 steam dragons
  5 death yak simulacra
  A human simulacrum (Vaults:1)
  A redback (shapeshifter) (Vaults:5)
  15 chaos spawn
  10 neqoxecs
  8 vampire mosquitoes
  A warg (Orc:2)
  22 nagas
  6 acid dragons
  12 swamp worms
  4 hell hounds (Lair:6)
  2 floating eyes
  A human skeleton (Vaults:1)
  29 water moccasins
  31 orc warriors
  A demonspawn skeleton (Crypt:1)
  2 swamp drakes
  A sky beast (D:6)
  A hornet zombie (D:8)
  An ice beast (D:7)
  A black bear (D:5)
  33 ogres
  44 starcursed masses
  4 necrophages
  7 wolves
  3 boggarts (Vaults:4)
  10 centaurs
  2 phantoms
  A centaur (shapeshifter) (D:15)
  7 kobold brigands
  2 wyvern zombies
  A rime drake skeleton (Crypt:1)
  15 bullfrogs
  A cane toad simulacrum (IceCv)
  4 earth elementals
  7 two-headed ogre simulacra (IceCv)
  A scorpion (D:6)
  An elephant simulacrum (IceCv)
  The ghost of reversiblehash the Skirmisher, a weakling DsBe of Trog (D:3)
  14 wights
  9 killer bees
  2 howler monkeys
  3 electric eels (Lair:5)
  3 centaur zombies
  3 lava snakes (Lair:6)
  A bullfrog zombie (D:6)
  A jelly (shapeshifter) (Vaults:5)
  26 orc priests
  A bullfrog skeleton (D:6)
  A hound (D:7)
  4 jellies
  A gnoll shaman (D:7)
  2 iguanas
  18 orc wizards
  Natasha (thrice) (D:2)
  4 troll simulacra (IceCv)
  6 polar bear simulacra
  A spriggan simulacrum (IceCv)
  A killer bee zombie (D:7)
  3 wolf simulacra
  7 mummies
  A howler monkey zombie (D:8)
  11 adders
  7 gnolls
  A howler monkey skeleton (D:3)
  4 naga simulacra (IceCv)
  3 river rats
  A swamp drake zombie (Crypt:2)
  A shadow imp (D:6)
  4 white imps (IceCv)
  11 ufetubi
  2 worms
  4 dart slugs
  70 orcs
  10 ball pythons
  6 endoplasms
  9 giant cockroaches
  8 hobgoblins
  3 jackals (D:2)
  24 kobolds
  7 quokkas
  4 bats
  4 frilled lizards (D:1)
  17 goblins
  10 rats
  13 fulminant prisms
  7 starspawn tentacles
2593 creatures vanquished.

Vanquished Creatures (collateral kills)
  4 pandemonium lords
  An ancient lich (Vaults:5)
  2 Killer Klowns
  4 curse toes
  2 caustic shrikes
  Xtahua (Vaults:3)
  2 golden dragons
  2 bone dragons
  A hellephant (Zig:25)
  An electric golem (Zot:5)
  Jorgrun (D:12)
  8 Orb Guardians (Zot:5)
  7 tentacled monstrosities
  A walking frostbound tome (Depths:4)
  A deep elf master archer (Elf:3)
  2 deep elf blademasters (Elf:3)
  2 liches
  7 quicksilver dragons
  An ancient champion (Crypt:2)
  An Executioner (Zot:5)
  4 death cobs
  A tentacled starspawn (Zig:25)
  4 sphinxes
  5 shadow dragons
  11 storm dragons
  4 tengu reavers
  3 draconian monks
  2 fire giants
  A thorn hunter (Swamp:3)
  A revenant (Crypt:2)
  3 nagarajas
  A deep elf sorcerer (Elf:3)
  5 frost giants
  3 draconian scorchers
  5 draconian knights
  12 vault wardens
  A draconian stormcaller (Zig:27)
  9 ghouls
  6 draconian shifters
  A deep elf elementalist (Elf:3)
  A spriggan defender (Depths:1)
  A juggernaut skeleton (Crypt:3)
  3 ironbound thunderhulks
  A demonspawn corrupter (Zig:24)
  7 ironbound preservers
  A war gargoyle (Vaults:3)
  8 stone giants
  2 draconian annihilators
  A broodmother (Zig:23)
  7 very ugly things
  10 green draconians
  2 bennus (Zig:11)
  An eleionoma (Swamp:4)
  3 purple draconians
  3 black draconians
  6 red draconians
  3 vampire knights
  A deep elf demonologist (Elf:3)
  An entropy weaver (Zig:23)
  A demonspawn black sun (Zot:3)
  6 white draconians
  2 wendigos (Zig:14)
  8 yellow draconians
  A spark wasp (Depths:1)
  3 deep elf annihilators
  6 dire elephants (Vaults:4)
  An ettin (Vaults:1)
  3 deep elf death magi
  3 jiangshi
  4 eidola
  A quicksilver dragon zombie (Crypt:1)
  A merfolk javelineer (Depths:2)
  A fire dragon (shapeshifter) (Zig:19)
  5 fire dragons
  3 great orbs of eyes
  A yaktaur captain (Vaults:1)
  2 deep elf high priests
  14 hydras
  2 rakshasas
  A boulder beetle (Vaults:1)
  8 naga warriors
  Erica (D:11)
  6 ice dragons
  A spriggan air mage (Depths:4)
  A salamander tyrant (Snake:4)
  7 vault guards
  3 ironbound frosthearts
  3 anacondas
  2 death knights
  A spriggan skeleton (Crypt:3)
  2 two-headed ogres
  5 alligators
  A centaur warrior (Vaults:3)
  A deep troll shaman (Depths:3)
  6 dancing weapons (Elf:2)
  A vampire mage (Depths:3)
  3 death yaks (Lair:6)
  A tengu warrior (Depths:2)
  11 spriggans
  Urug (D:12)
  The ghost of Jenx the Grappler, a novice TrMo of Okawaru (D:8)
  7 shock serpents
  5 deep elf knights
  8 hell knights
  10 naga sharpshooters
  A wretched star (Zig:25)
  4 soul eaters
  9 skeletal warriors
  An iron troll (shapeshifter) (Zig:19)
  5 salamander mystics
  2 iron trolls
  A spriggan druid (Swamp:4)
  A shadow demon (Zot:5)
  A glowing orange brain (Depths:2)
  2 flayed ghosts
  A steelbarb worm (Zig:23)
  3 deep elf archers
  A goliath frog (Swamp:3)
  28 deep trolls
  A wizard (Vaults:3)
  8 swamp dragons
  A bog body (Swamp:4)
  4 lindwurms
  10 phantasmal warriors
  An anaconda skeleton (Crypt:3)
  4 ironbound convokers
  2 necromancers
  5 naga ritualists
  A bunyip skeleton (Crypt:1)
  7 deep elf pyromancers
  3 orc knights (Vaults:3)
  16 ugly things
  3 deep elf zephyrmancers
  3 cyclopes
  4 mana vipers
  5 moths of wrath
  A manticore (D:11)
  3 will-o-the-wisps (Swamp:4)
  A stone giant skeleton (Crypt:2)
  A frost giant skeleton (Vaults:1)
  6 vault sentinels
  12 salamanders
  An apocalypse crab (Zig:19)
  2 guardian serpents
  22 black mambas
  A molten gargoyle (Lair:6)
  3 smoke demons
  2 torpor snails
  5 naga magi
  A gargoyle (Crypt:3)
  A cane toad (Lair:6)
  4 efreet
  A tormentor (Zig:14)
  A tengu conjurer (Depths:1)
  2 guardian mummies (Crypt:3)
  5 yaktaurs (Vaults:4)
  4 komodo dragons (Lair:6)
  5 freezing wraiths
  A grey draconian skeleton (Crypt:2)
  2 ice devils
  2 ancient zymes
  2 red devils
  4 hornets
  3 trolls
  A bloated husk (Swamp:1)
  An ice dragon zombie (Crypt:2)
  27 slime creatures
  A raiju (Zig:24)
  2 tyrant leeches
  5 large abominations
  An ettin skeleton (Crypt:3)
  A wyvern (Lair:6)
  7 water elementals
  3 wraiths
  A fire bat (Depths:1)
  A hog (shapeshifter) (Zig:24)
  11 yaks
  A redback (D:15)
  7 vampire mosquitoes
  A merfolk zombie (Crypt:2)
  3 wargs
  18 nagas
  4 swamp worms
  2 orc warriors
  A sky beast (shapeshifter) (Depths:1)
  A necrophage (Crypt:2)
  3 swamp drakes (Swamp:4)
  5 starcursed masses
  A wolf (shapeshifter) (D:13)
  A gnoll sergeant (D:12)
  A howler monkey (D:10)
  3 electric eels (D:15)
  2 lava snakes (Lair:6)
  2 centaur skeletons
  A dwarf zombie (Crypt:2)
  A felid skeleton (Crypt:1)
  4 mummies
  A howler monkey zombie (Crypt:2)
  An orc (D:12)
  A river rat skeleton (Crypt:2)
  A fulminant prism (Depths:2)
  2 starspawn tentacles (Zig:25)
726 creatures vanquished.

Vanquished Creatures (others)
  An Ice Fiend (Zig:18)
  A tentacled monstrosity (Depths:4)
  A tengu reaver (Vaults:4)
  A stone giant (Vaults:5)
  An eleionoma (shapeshifter) (Zig:18)
  2 yellow draconians
  2 vault guards
  24 dancing weapons
  A hell knight (Depths:3)
  A spatial maelstrom (Zig:25)
  2 large abominations (Zig:25)
  2 bloated husks (Swamp:2)
  A raiju (Zig:24)
  A yak (Lair:6)
  A vampire mosquito (Swamp:2)
  A chaos spawn (Zig:18)
  A golden eye (Zig:24)
  A swamp drake (Swamp:2)
  2 bushes
  12 foxfires
  739 fulminant prisms
  54 fungi
  288 plants
  5 starspawn tentacles
  46 withered plants (Crypt:3)
1191 creatures vanquished.

Grand Total: 4510 creatures vanquished

Notes
Turn   | Place    | Note
-------+----------+-------------------------------------------
     0 | D:1      | joshe the Octopode Conjurer began the quest for the Orb.
     0 | D:1      | Reached XP level 1. HP: 11/11 MP: 3/3
    64 | D:1      | Reached XP level 2. HP: 17/17 MP: 3/5
    82 | D:1      | Learned a level 2 spell: Searing Ray
   473 | D:1      | Reached XP level 3. HP: 21/21 MP: 6/6
   655 | D:1      | Reached skill level 5 in Conjurations
  1248 | D:2      | Found a faded altar of an unknown god.
  1379 | D:2      | Reached XP level 4. HP: 27/27 MP: 1/7
  1459 | D:2      | Learned a level 4 spell: Fulminant Prism
  1555 | D:2      | Noticed Natasha
  1564 | D:2      | Killed Natasha
  1949 | D:2      | Found the +18 Lear's hauberk
  2113 | D:2      | Noticed Natasha
  2120 | D:2      | Killed Natasha
  2121 | D:2      | Reached skill level 1 in Hexes
  2121 | D:2      | Reached XP level 5. HP: 20/31 MP: 0/8
  2425 | D:2      | Noticed Natasha
  2439 | D:2      | Killed Natasha
  2683 | D:3      | Found a transporter.
  2686 | D:3      | Noticed reversiblehash's ghost (weakling DsBe)
  2717 | D:3      | Found a transporter.
  2787 | D:3      | Reached XP level 6. HP: 31/36 MP: 0/10
  2830 | D:3      | Found a glowing drain.
  2855 | Sewer    | Entered a sewer
  3086 | Sewer    | Reached XP level 7. HP: 29/41 MP: 2/11
  3208 | Sewer    | Reached skill level 5 in Hexes
  4251 | D:3      | Noticed Sigmund
  4343 | D:3      | Killed Sigmund
  4971 | D:4      | Reached XP level 8. HP: 30/46 MP: 5/14
  5530 | D:4      | Identified the amulet of Wici {Spirit rC++ rN+ MP+9 Str+3}
  5615 | D:4      | Found Nixuazah's Armour Shoppe.
  5703 | D:5      | Entered Level 5 of the Dungeon
  6218 | D:5      | Found a hide-covered altar of Uskayaw.
  6542 | D:6      | Reached skill level 1 in Fighting
  6792 | D:6      | Reached skill level 5 in Spellcasting
  7031 | D:6      | Found the +7 staff of the Meek {protect, meekguard}
  7086 | D:6      | Reached XP level 9. HP: 49/54 MP: 16/16
  7872 | D:6      | Learned a level 4 spell: Iskenderun's Mystic Blast
  7961 | D:7      | Identified 2 scrolls of acquirement
  7961 | D:7      | Acquired a staff of conjuration
  7967 | D:7      | Acquired a +1 buckler of reflection
  8004 | D:7      | Reached skill level 1 in Shields
  8375 | D:7      | Reached skill level 1 in Translocations
  8725 | D:7      | Reached skill level 5 in Shields
  8881 | D:7      | Reached XP level 10. HP: 63/63 MP: 17/17
  9065 | D:7      | Found a staircase to the Ecumenical Temple.
  9144 | Temple   | Entered the Ecumenical Temple
  9151 | Temple   | Became a worshipper of Gozag Ym Sagoz the Greedy
  9175 | D:8      | Noticed Jenx's ghost (novice TrMo)
  9175 | D:8      | Found a runed translucent door.
  9191 | D:8      | Noticed a cyclops
  9200 | D:8      | Killed a cyclops
  9445 | D:8      | Reached skill level 5 in Stealth
  9752 | D:8      | Noticed a two-headed ogre
 10004 | D:8      | Noticed a manticore
 10007 | D:8      | Killed a manticore
 10011 | D:8      | Noticed a death knight
 10155 | D:8      | Noticed a deep elf pyromancer
 10332 | D:8      | Noticed a tengu warrior
 10551 | D:8      | Killed a deep elf pyromancer
 11213 | D:8      | Killed a death knight
 11214 | D:8      | Reached XP level 11. HP: 49/67 MP: 1/20
 11367 | D:8      | Killed a two-headed ogre
 11597 | D:8      | Killed a tengu warrior
 12165 | D:9      | Found Sarimm's Weapon Boutique.
 12279 | D:9      | Found a staircase to the Orcish Mines.
 12295 | D:9      | Reached skill level 5 in Fighting
 12295 | D:9      | Reached skill level 5 in Dodging
 12314 | D:9      | Found a flagged portal.
 12372 | Bailey   | Entered a bailey
 12669 | Bailey   | Noticed an orc warlord
 12758 | Bailey   | Found a runed translucent gate.
 12758 | Bailey   | Found a runed translucent gate.
 12816 | Bailey   | Found a runed translucent gate.
 13279 | Bailey   | Killed an orc warlord
 13479 | Bailey   | Got The Lost Volume of the Deep Elf Lorekeeper
 13480 | Bailey   | Acquired 927 gold pieces
 13586 | D:9      | Identified the +1 flail of Ashenzari {antimagic, rF+++ rN+
                  | Dex+4 SInv}
 13596 | D:9      | Learned a level 4 spell: Cause Fear
 13823 | D:9      | Found Simeteme's Antique Weapon Shoppe.
 13827 | D:9      | Identified the +1 leather armour of Udotekupn {Int+8}
 13858 | D:9      | Found Otolaed's Weapon Boutique.
 14097 | D:9      | Found Fasm's Book Emporium.
 14394 | D:9      | Found a staircase to the Lair.
 14557 | Orc:1    | Entered Level 1 of the Orcish Mines
 15110 | Orc:1    | Noticed an orc knight
 15128 | Orc:1    | Killed an orc knight
 15150 | Orc:1    | Noticed an orc knight
 15188 | D:9      | Killed an orc knight
 15189 | D:9      | Reached skill level 10 in Conjurations
 15705 | Orc:2    | Entered Level 2 of the Orcish Mines
 15756 | Orc:2    | Found a staircase to the Elven Halls.
 15937 | Orc:2    | Noticed an orc sorcerer
 15945 | Orc:2    | Killed an orc sorcerer
 15946 | Orc:2    | Reached XP level 12. HP: 77/77 MP: 22/22
 15980 | Orc:2    | Reached skill level 10 in Hexes
 16380 | Orc:2    | Noticed an ogre mage
 16388 | Orc:2    | Killed an ogre mage
 16435 | Orc:2    | Learned a level 2 spell: Poisonous Vapours
 16446 | Orc:2    | Noticed a two-headed ogre
 16452 | Orc:2    | Killed a two-headed ogre
 16596 | Orc:2    | Reached skill level 1 in Poison Magic
 16899 | Orc:2    | Noticed a two-headed ogre
 16901 | Orc:2    | Noticed an ogre mage
 16906 | Orc:2    | Killed a two-headed ogre
 16908 | Orc:2    | Killed an ogre mage
 17010 | Orc:2    | Noticed an ogre mage
 17021 | Orc:2    | Killed an ogre mage
 17250 | Orc:2    | Noticed a two-headed ogre
 17261 | Orc:2    | Killed a two-headed ogre
 17295 | Orc:2    | Noticed an ogre mage
 17303 | Orc:2    | Noticed a two-headed ogre
 17305 | Orc:2    | Noticed a two-headed ogre
 17311 | Orc:1    | Paralysed by an ogre mage for 2 turns
 17315 | Orc:1    | Killed an ogre mage
 17485 | Orc:2    | Noticed a two-headed ogre
 17489 | Orc:2    | Noticed a two-headed ogre
 17494 | Orc:2    | Killed a two-headed ogre
 17494 | Orc:2    | Killed a two-headed ogre
 17511 | Orc:2    | Noticed a two-headed ogre
 17514 | Orc:2    | Noticed a two-headed ogre
 17517 | Orc:2    | Killed a two-headed ogre
 17518 | Orc:2    | Reached XP level 13. HP: 83/83 MP: 6/25
 18171 | Orc:2    | Found Codaeq's Jewellery Boutique.
 18171 | Orc:2    | Found Diracan's Jewellery Shoppe.
 18172 | Orc:2    | Found Japlug's Weapon Shoppe.
 18172 | Orc:2    | Found Tytiteipn's Weapon Shop.
 18179 | Orc:2    | Bought a ring of magical power for 240 gold pieces
 18181 | Orc:2    | Bought a ring of wizardry for 420 gold pieces
 18181 | Orc:2    | Bought a ring of poison resistance for 280 gold pieces
 18189 | Orc:2    | Bought a scroll of identify for 26 gold pieces
 18189 | Orc:2    | Bought a scroll of identify for 26 gold pieces
 18189 | Orc:2    | Bought a scroll of summoning for 123 gold pieces
 18189 | Orc:2    | Bought a scroll of blinking for 97 gold pieces
 18189 | Orc:2    | Bought a scroll of identify for 26 gold pieces
 18189 | Orc:2    | Bought a scroll of identify for 26 gold pieces
 18196 | Orc:2    | Bought a potion of haste for 140 gold pieces
 18196 | Orc:2    | Bought a potion of haste for 140 gold pieces
 18640 | Orc:2    | Bought a ring of see invisible for 180 gold pieces
 18744 | Lair:1   | Entered Level 1 of the Lair of Beasts
 20516 | Lair:2   | Identified the +0 ring mail of Oterphij {rF+ rC++ Dex-5
                  | Slay-4 SInv}
 21157 | Lair:3   | Reached skill level 10 in Spellcasting
 21421 | Lair:3   | Found a staircase to the Snake Pit.
 22287 | Orc:2    | Bought a book of Power for 588 gold pieces
 22293 | Orc:2    | Learned a level 5 spell: Iskenderun's Battlesphere
 22334 | Elf:1    | Entered Level 1 of the Elven Halls
 22632 | Elf:1    | Reached XP level 14. HP: 48/90 MP: 4/28
 23625 | Elf:1    | Paralysed by an air elemental for 1 turns
 23955 | Elf:1    | Found Ynuum's CLEARANCE SALE!.
 23961 | Elf:1    | Bought a scroll of teleportation for 9 gold pieces
 24453 | Elf:1    | Identified the +2 robe "Pyxuad" {rPois rC+ Dex+2}
 25428 | Elf:1    | Identified the +2 leather armour of Oxkun {-Cast Fly rPois}
 25661 | Elf:2    | Noticed a deep elf demonologist
 25846 | Elf:1    | Learned a level 6 spell: Iron Shot
 25854 | Elf:1    | Learned a level 7 spell: Spellforged Servitor
 26093 | Lair:4   | Reached XP level 15. HP: 94/94 MP: 32/32
 26222 | Lair:4   | Reached skill level 1 in Earth Magic
 26723 | Lair:4   | Found a staircase to the Swamp.
 26881 | Lair:4   | Reached skill level 1 in Summonings
 27499 | Lair:5   | Found a shimmering altar of Xom.
 27557 | Lair:5   | Found a staircase to the Slime Pits.
 28289 | Lair:5   | Reached skill level 5 in Summonings
 28427 | Lair:5   | Identified the +4 rapier of Duty {vamp, rC- rN+ SInv
                  | Stlth+}
 29608 | Orc:2    | Bought the ring "Ximuolie" {Drain rPois rN+ rCorr} for 592
                  | gold pieces
 29608 | Orc:2    | Bought a scroll of identify for 38 gold pieces
 29836 | Lair:6   | Entered Level 6 of the Lair of Beasts
 30296 | Lair:6   | Found a frozen archway.
 30414 | IceCv    | Entered an ice cave
 32415 | Lair:6   | Found a large runed translucent door.
 32415 | Lair:6   | Found a large runed translucent door.
 33053 | Lair:6   | Noticed Josephine
 33059 | Lair:6   | Killed Josephine
 33060 | Lair:6   | Reached skill level 10 in Summonings
 33159 | Lair:6   | Acquired 770 gold pieces
 33273 | Lair:6   | Reached skill level 5 in Earth Magic
 33273 | Lair:6   | Reached XP level 16. HP: 99/99 MP: 27/33
 34649 | Orc:2    | Bought the ring of Jutewn {rElec rCorr AC+4 Int-5 Stlth+}
                  | for 718 gold pieces
 34649 | Orc:2    | Bought the ring of Faocoq {Fly rPois Int+5} for 588 gold
                  | pieces
 34766 | Elf:2    | Noticed a Brimstone Fiend
 35430 | Elf:2    | Found a runed translucent gate.
 35632 | Elf:2    | Found a runed translucent gate.
 35633 | Elf:2    | Found a runed translucent gate.
 36084 | Elf:2    | Noticed a deep elf blademaster
 36091 | Elf:2    | Killed a deep elf blademaster
 37443 | Elf:3    | Entered Level 3 of the Elven Halls
 37842 | Elf:3    | Reached skill level 10 in Earth Magic
 37902 | Elf:3    | Found Cuci's Antique Weapon Emporium.
 37902 | Elf:3    | Found Esialuwn's Antique Weapon Shoppe.
 38429 | Elf:3    | Reached XP level 17. HP: 59/109 MP: 9/34
 38615 | Elf:3    | Found Wegomm's Overcharged Wands.
 39051 | Elf:3    | Identified the +2 ring mail "Lath" {Drain Str+2 SInv}
 39754 | Elf:3    | Identified the +1 broad axe of Yesterday {vorpal, rPois
                  | SInv}
 39754 | Elf:3    | Identified the ring of the Original Sin {rN+ rCorr Int+2
                  | Dex-4 Stlth+}
 39754 | Elf:3    | Identified the +6 great sword of Doclenna {flame, rN+
                  | Will+++ Int-3 Stlth-}
 39760 | Elf:3    | Identified the ring of the King {*Corrode Will+ Str+8
                  | Dex+5}
 39767 | Elf:3    | Identified the +5 whip of the Manifold Beds {pain, rC- rN+
                  | Dex+4}
 39767 | Elf:3    | Identified the ring "Ronyuc" {rPois rF+ rN++ Stlth+}
 40101 | Elf:3    | Noticed a deep elf master archer
 40102 | Elf:3    | Noticed a deep elf blademaster
 40135 | Elf:3    | Noticed a deep elf blademaster
 40417 | Elf:3    | Noticed a deep elf blademaster
 40424 | Elf:3    | Killed a deep elf blademaster
 40434 | Elf:3    | Killed a deep elf blademaster
 40584 | Elf:3    | Noticed a deep elf master archer
 40587 | Elf:3    | Killed a deep elf master archer
 40592 | Elf:3    | Killed a deep elf blademaster
 40754 | Elf:3    | Noticed a deep elf master archer
 40762 | Elf:3    | Killed a deep elf master archer
 40779 | Elf:3    | Killed a deep elf master archer
 40946 | Elf:3    | Got the Disquisition on the Nocuous Escort
 41001 | Elf:3    | Got the Disquisition on Calling
 41355 | Snake:1  | Entered Level 1 of the Snake Pit
 41355 | Snake:1  | Found a hide-covered altar of Uskayaw.
 42652 | Snake:1  | Learned a level 2 spell: Sublimation of Blood
 43582 | Snake:2  | Reached XP level 18. HP: 116/116 MP: 35/35
 43914 | Snake:2  | Reached skill level 15 in Earth Magic
 46513 | Snake:3  | Reached skill level 10 in Stealth
 46889 | Snake:4  | Entered Level 4 of the Snake Pit
 47528 | Snake:4  | Identified the +8 hand crossbow "Hics" {penet, rElec Str-4
                  | Dex+4}
 47672 | Snake:4  | Reached skill level 10 in Fighting
 48404 | Snake:4  | Reached XP level 19. HP: 118/126 MP: 24/36
 48738 | Snake:4  | Reached skill level 10 in Dodging
 49853 | Snake:4  | Got a serpentine rune of Zot
 50215 | Swamp:1  | Entered Level 1 of the Swamp
 52186 | Swamp:2  | Noticed Mlioglotl
 52947 | Swamp:2  | Noticed Roxanne
 53229 | Swamp:2  | Killed Mlioglotl
 53233 | Swamp:2  | Killed Roxanne
 54949 | Swamp:4  | Entered Level 4 of the Swamp
 54949 | Swamp:4  | Noticed Bai Suzhen
 55391 | Swamp:4  | Killed Bai Suzhen
 55393 | Swamp:4  | Noticed Nikola
 55612 | Swamp:4  | Killed Nikola
 55651 | Swamp:4  | Reached XP level 20. HP: 132/132 MP: 25/38
 55908 | Swamp:4  | Reached skill level 10 in Shields
 56301 | Swamp:4  | Noticed the 27-headed Lernaean hydra
 56627 | Swamp:4  | Got a decaying rune of Zot
 57048 | Swamp:4  | Killed the 27-headed Lernaean hydra
 57049 | Swamp:4  | Reached skill level 15 in Conjurations
 57548 | D:3      | Killed reversiblehash's ghost
 57681 | D:8      | Killed Jenx's ghost
 57762 | D:10     | Entered Level 10 of the Dungeon
 58395 | D:10     | You are sucked into a shaft and drop 3 floors!
 58613 | D:12     | Noticed Jorgrun
 58640 | D:12     | Killed Jorgrun
 58676 | D:12     | Identified the +6 short sword "Mubrypre" {protect, rC+}
 58955 | D:11     | Noticed Erica
 59676 | D:11     | Killed Erica
 60396 | D:12     | Noticed Urug
 60414 | D:12     | Killed Urug
 60442 | D:12     | Acquired the +8 kite shield of the Yeti {Drain rF- Will+++
                  | SInv}
 60651 | Orc:2    | Bought the ring "Gaith" {Contam rF+ Str+5 Int+6} for 1470
                  | gold pieces
 61140 | D:12     | Found Qaplaut's Book Shoppe.
 61153 | D:12     | Bought a book of the Spheres for 864 gold pieces
 61161 | D:12     | Learned a level 7 spell: Orb of Destruction
 61624 | D:13     | Reached skill level 1 in Necromancy
 61692 | D:13     | Found a broken altar of Ashenzari.
 62323 | D:13     | Found a gate to the Vaults.
 62344 | D:13     | Learned a level 7 spell: Monstrous Menagerie
 62989 | D:14     | Found Kynuloejul's Antique Armour Boutique.
 63210 | D:15     | Entered Level 15 of the Dungeon
 63760 | D:15     | Reached skill level 15 in Spellcasting
 64518 | D:15     | Found a staircase to the Depths.
 64528 | Depths:1 | Entered Level 1 of the Depths
 65195 | Depths:1 | Reached XP level 21. HP: 114/137 MP: 39/40
 67247 | Depths:1 | Reached skill level 15 in Summonings
 67340 | Depths:1 | Found a gateway to Hell.
 67571 | Depths:1 | Found a shimmering altar of Xom.
 67576 | Depths:1 | Found Paleupum's Jewellery Boutique.
 67576 | Depths:1 | Found Xeap's Book Emporium.
 67577 | Depths:1 | Found Kistriuz's Jewellery Boutique.
 67588 | Depths:1 | Bought a book of the Dragon for 736 gold pieces
 67883 | Depths:1 | Found a one-way gateway to a ziggurat.
 68432 | Orc:2    | Bought a small citrine amulet for 120 gold pieces
 68432 | Orc:2    | Bought a potion of haste for 240 gold pieces
 68448 | Orc:2    | Bought the Incunabulum of the Mutagenic Mountains for 672
                  | gold pieces
 68450 | Orc:2    | Bought a potion of mutation for 112 gold pieces
 68450 | Orc:2    | Bought a potion of mutation for 112 gold pieces
 68450 | Orc:2    | Bought a potion of cancellation for 112 gold pieces
 68450 | Orc:2    | Bought a potion of cancellation for 112 gold pieces
 68659 | Depths:2 | Found a one-way gate to the infinite horrors of the Abyss.
 69114 | Depths:2 | Reached skill level 15 in Hexes
 69974 | Depths:2 | Found a one-way gate leading to the halls of Pandemonium.
 70874 | Depths:2 | Identified the +1 robe of Zeom {rF+ Dex+8}
 71215 | Depths:3 | Found a shadowy altar of Dithmenos.
 71424 | Depths:3 | Noticed Margery
 71428 | Depths:3 | Killed Margery
 72283 | Depths:3 | Reached XP level 22. HP: 143/143 MP: 41/41
 73075 | Depths:3 | Found a runed translucent door.
 73076 | Depths:3 | Found a runed translucent door.
 73083 | Depths:3 | Reached skill level 15 in Shields
 73456 | Depths:3 | Noticed a golden dragon
 73469 | Depths:3 | Killed a golden dragon
 73500 | Depths:3 | Noticed a caustic shrike
 73513 | Depths:3 | Identified the +8 mace of Jouracw {freeze, rN+ Will+++
                  | rCorr MP-9 Dex-5}
 73514 | Depths:3 | Killed a caustic shrike
 74539 | Depths:4 | Entered Level 4 of the Depths
 75078 | Depths:4 | Found a blossoming altar of Fedhas.
 76182 | Depths:4 | Noticed a golden dragon
 76190 | Depths:4 | Killed a golden dragon
 76319 | Depths:4 | Found a gate to the Realm of Zot.
 76687 | Vaults:1 | Entered Level 1 of the Vaults
 79066 | Vaults:1 | Found Volotocw's Weapon Shoppe.
 79068 | Vaults:1 | Found Patatyf's Armour Shoppe.
 79068 | Vaults:1 | Found Juissotrit's Book Shoppe.
 79095 | Vaults:1 | Bought a book of Blasting for 576 gold pieces
 79095 | Vaults:1 | Bought a book of the Wilderness for 684 gold pieces
 79101 | Vaults:1 | Learned a level 5 spell: Lee's Rapid Deconstruction
 79460 | Vaults:1 | Found Plog's Distillery.
 79468 | Vaults:1 | Bought a potion of haste for 150 gold pieces
 79468 | Vaults:1 | Bought a potion of haste for 150 gold pieces
 79764 | Vaults:2 | Found a huge runed gate.
 79764 | Vaults:2 | Found a huge runed gate.
 79764 | Vaults:2 | Found a huge runed gate.
 79764 | Vaults:2 | Found a huge runed gate.
 79764 | Vaults:2 | Found a huge runed gate.
 79764 | Vaults:2 | Found a huge runed gate.
 79765 | Vaults:2 | Found a huge runed gate.
 79765 | Vaults:2 | Found a huge runed gate.
 79765 | Vaults:2 | Found a huge runed gate.
 79765 | Vaults:2 | Found a huge runed gate.
 79769 | Vaults:2 | Found a huge runed gate.
 79769 | Vaults:2 | Found a huge runed gate.
 79769 | Vaults:2 | Found a huge runed gate.
 79769 | Vaults:2 | Found a huge runed gate.
 79769 | Vaults:2 | Found a huge runed gate.
 79769 | Vaults:2 | Found a huge runed gate.
 79770 | Vaults:2 | Found a huge runed gate.
 79771 | Vaults:2 | Found a huge runed gate.
 79773 | Vaults:2 | Found a huge runed gate.
 79781 | Vaults:2 | Found a huge runed gate.
 79781 | Vaults:2 | Found a huge runed gate.
 79781 | Vaults:2 | Found a huge runed gate.
 79781 | Vaults:2 | Found a huge runed gate.
 79781 | Vaults:2 | Found a huge runed gate.
 79781 | Vaults:2 | Found a huge runed gate.
 79782 | Vaults:2 | Found a huge runed gate.
 79786 | Vaults:2 | Found a huge runed gate.
 79787 | Vaults:2 | Found a huge runed gate.
 79795 | Vaults:2 | Found a huge runed gate.
 79795 | Vaults:2 | Found a huge runed gate.
 79795 | Vaults:2 | Found a huge runed gate.
 79795 | Vaults:2 | Found a huge runed gate.
 79795 | Vaults:2 | Found a huge runed gate.
 79795 | Vaults:2 | Found a huge runed gate.
 79796 | Vaults:2 | Found a huge runed gate.
 79797 | Vaults:2 | Found a huge runed gate.
 79811 | Vaults:2 | Reached XP level 23. HP: 148/148 MP: 30/43
 81651 | Vaults:2 | Noticed Saint Roka
 81679 | Vaults:2 | Killed Saint Roka
 81907 | Vaults:2 | Found a runed translucent gate.
 81908 | Vaults:2 | Found a runed translucent gate.
 81908 | Vaults:2 | Found a runed translucent gate.
 81908 | Vaults:2 | Noticed deprived's ghost (veteran HOFi)
 82700 | Vaults:2 | Identified the +1 helmet of Disappointment {Str+7}
 83139 | Vaults:2 | Killed deprived's ghost
 84589 | Vaults:3 | Noticed Xtahua
 85480 | Vaults:3 | Found a staircase to the Crypt.
 85655 | Vaults:3 | Killed Xtahua
 85735 | Vaults:3 | Identified the +4 hunting sling of Kunun {flame, rF+ Str+5}
 87591 | Vaults:3 | Found Sekew's Armour Shoppe.
 88004 | Orc:2    | Bought a scroll labelled ZUECLAIH QIECW for 39 gold pieces
 88182 | Vaults:1 | Learned a level 9 spell: Shatter
 88356 | Vaults:4 | Reached XP level 24. HP: 71/154 MP: 4/43
 89261 | Vaults:4 | Found Orheyzyi's Armour Emporium.
 91190 | Vaults:4 | Reached skill level 5 in Necromancy
 92480 | Vaults:5 | Entered Level 5 of the Vaults
 92523 | Vaults:5 | Noticed a dread lich
 92526 | Vaults:5 | Killed a dread lich
 92532 | Vaults:5 | Noticed an ancient lich
 92533 | Vaults:5 | Noticed a dread lich
 92536 | Vaults:5 | Killed a dread lich
 92537 | Vaults:5 | Reached XP level 25. HP: 79/159 MP: 27/45
 92538 | Vaults:5 | Killed an ancient lich
 93207 | Vaults:5 | Identified the +7 flail of Xoeqaw {speed, rC+}
 93502 | Vaults:5 | Identified the ring "Hoghiuro" {rPois rN+ Dex-5 Stlth+}
 93511 | Vaults:5 | Identified the +5 scale mail "Eneom" {rElec rC+ rN+ Str+3}
 93517 | Vaults:5 | Identified the +1 flail of the Foremost Ziggurats {pain,
                  | rPois Str+4}
 93517 | Vaults:5 | Identified the +3 scale mail of Qanketri {rC- Will- Regen+
                  | Slay+6}
 93700 | Vaults:5 | Noticed an ancient lich
 93704 | Vaults:5 | Killed an ancient lich
 93928 | Vaults:5 | Noticed an ancient lich
 93935 | Vaults:5 | Killed an ancient lich
 94058 | Vaults:5 | Noticed a dread lich
 94142 | Vaults:5 | Killed a dread lich
 94391 | Vaults:5 | Found Peefuteh's Distillery.
 94396 | Vaults:5 | Bought a potion of cancellation for 176 gold pieces
 94397 | Vaults:5 | Identified the +0 ring mail "Asyock" {rElec rN+}
 94501 | Vaults:5 | Got a silver rune of Zot
 95403 | Crypt:1  | Entered Level 1 of the Crypt
 97222 | Crypt:2  | Found the ring of Shadows {Umbra +Inv Stlth+}
 97971 | Crypt:2  | Found an ancient bone altar of Kikubaaqudgha.
 98375 | Crypt:2  | Reached XP level 26. HP: 165/165 MP: 35/46
 99035 | Crypt:2  | Noticed Boris
 99039 | Crypt:2  | Killed Boris
 99510 | Crypt:3  | Entered Level 3 of the Crypt
100276 | Crypt:3  | Identified the +5 chain mail of the Poles {rCorr}
100576 | Crypt:3  | Found a staircase to the Tomb.
100850 | Crypt:3  | Identified the ring of Winuawir {rN+ MP+9 Str+2}
100850 | Crypt:3  | Identified the amulet of the Thistle {rN+ Regen+}
100850 | Crypt:3  | Identified the ring of the Present {*Corrode rN+ Will++
                  | Stlth+}
101711 | Crypt:3  | Noticed an ancient lich
101718 | Crypt:3  | Killed an ancient lich
101728 | Crypt:3  | Noticed an ancient lich
101738 | Crypt:3  | Killed an ancient lich
101910 | Crypt:3  | Found an ancient bone altar of Kikubaaqudgha.
101940 | Crypt:3  | Identified the +0 plate armour of the Trombone {Int+2
                  | Dex+4}
101942 | Crypt:3  | Got the Almanac of the Creative Birds
101964 | Crypt:3  | Got the Papyrus of the Tundras
102169 | Crypt:3  | Noticed an ancient lich
102176 | Crypt:3  | Killed an ancient lich
102391 | Crypt:3  | Identified the amulet "Axehu" {Acrobat +Inv rPois Str-2
                  | Int+2}
103530 | Zot:1    | Entered Level 1 of the Realm of Zot
104039 | Zot:1    | Learned a level 7 spell: Enfeeble
104045 | Zot:1    | Learned a level 5 spell: Iskenderun's Battlesphere
104909 | Zot:1    | Identified the ring of Xucs {rN+ Dex+2}
107136 | Zot:2    | Reached XP level 27. HP: 89/171 MP: 1/47
110024 | Zot:3    | Noticed an orb of fire
110031 | Zot:3    | Killed an orb of fire
111664 | Zot:3    | Identified the +4 hunting sling "Xosac" {flame, Contam
                  | +Blink rElec Str+8}
111665 | Zot:3    | Got the Incunabulum of The Black Sun
114594 | Zot:5    | Entered Level 5 of the Realm of Zot
114603 | Zot:5    | Reached skill level 27 in Earth Magic
116491 | Zot:5    | Noticed a dread lich
116495 | Zot:5    | Noticed an ancient lich
116499 | Zot:5    | Killed an ancient lich
116504 | Zot:5    | Noticed an ancient lich
116509 | Zot:5    | Killed a dread lich
116514 | Zot:5    | Killed an ancient lich
116532 | Zot:5    | Noticed an orb of fire
116538 | Zot:5    | Killed an orb of fire
117629 | Zot:5    | Noticed an ancient lich
117634 | Zot:5    | Killed an ancient lich
117771 | Zot:5    | Noticed an orb of fire
117781 | Zot:5    | Killed an orb of fire
118279 | Zot:5    | Noticed a dread lich
118282 | Zot:5    | Killed a dread lich
120509 | Zig:1    | Entered Level 1 of a ziggurat
120509 | Zig:1    | Noticed Xeikho the pandemonium lord
120515 | Zig:1    | Killed Xeikho the pandemonium lord
120640 | Zig:2    | Entered Level 2 of a ziggurat
120761 | Zig:3    | Entered Level 3 of a ziggurat
120996 | Zig:4    | Entered Level 4 of a ziggurat
121187 | Zig:4    | Identified the +4 glaive of the Chain {vamp, +Blink Str+7
                  | Int+3 Stlth-}
121246 | Zig:5    | Entered Level 5 of a ziggurat
121275 | Zig:5    | Identified the +4 robe of Lilacs {Regen+}
121434 | Zig:6    | Entered Level 6 of a ziggurat
121475 | Zig:6    | Identified the +7 short sword "Mainor" {flame, Int+3}
121480 | Zig:6    | Identified the +4 long sword of Imminent Death {vorpal,
                  | *Slow rElec rN+ Int+4}
121498 | Zig:7    | Entered Level 7 of a ziggurat
121753 | Zig:7    | Identified the ring "Dintaet" {rElec rPois MP-9 Slay+6
                  | Stlth+}
121776 | Zig:8    | Entered Level 8 of a ziggurat
121782 | Zig:8    | Noticed Tiaw the pandemonium lord
121785 | Zig:8    | Killed Tiaw the pandemonium lord
121823 | Zig:8    | Identified the +0 pair of boots of Responsibility {rPois
                  | Str+6}
121827 | Zig:8    | Identified the ring of Attitude {Wiz rElec Str+4 Stlth-}
121956 | Zig:9    | Entered Level 9 of a ziggurat
121966 | Zig:9    | Noticed Hackut the pandemonium lord
121967 | Zig:9    | Noticed Zoepn the pandemonium lord
121967 | Zig:9    | Found the dreamshard necklace {*Dream Drain}
121969 | Zig:9    | Killed Hackut the pandemonium lord
121980 | Zig:9    | Killed Zoepn the pandemonium lord
122098 | Zig:9    | Identified the +4 ring mail of the Turtle {rElec SInv}
122166 | Zig:10   | Entered Level 10 of a ziggurat
122214 | Zig:10   | Identified the +6 plate armour of the Storm King {MP+9
                  | Str+3 Dex+2}
122219 | Zig:10   | Identified the +11 flail "Dugaar" {vorpal, rN+ rCorr Str+2
                  | Int-2}
122365 | Zig:11   | Entered Level 11 of a ziggurat
122390 | Zig:11   | Found the +3 sling "Punk" {acid, rCorr}
122391 | Zig:11   | Noticed a royal mummy
122402 | Zig:11   | Killed a royal mummy
122693 | Zig:11   | Identified the +5 flail of Unpleasantness {distort, Will+
                  | Str+3 Int+6 Dex-3 Stlth+}
122708 | Zig:11   | Identified the amulet "Matat" {Reflect Regen+ rCorr Dex-2
                  | SH+5}
122777 | Zig:12   | Entered Level 12 of a ziggurat
122812 | Zig:12   | Paralysed by accursed screaming for 2 turns
123154 | Zig:13   | Entered Level 13 of a ziggurat
123187 | Zig:13   | Identified the +3 trident of Fougegiebb {drain, Will+
                  | Dex+3}
123190 | Zig:13   | Identified the ring "Ydghiagi" {AC+4 Str+4}
123197 | Zig:13   | Identified the +9 whip of the Dwarven Hall {drain, Dex+4}
123203 | Zig:13   | Identified the ring "Kufyekh" {rElec rPois}
123342 | Zig:14   | Entered Level 14 of a ziggurat
123399 | Zig:14   | Paralysed by a wendigo for 1 turns
123534 | Zig:14   | Identified the +4 scimitar of the Desolation of Salt
                  | {flame, Fly rF+++ Dex-5 SInv}
123543 | Zig:14   | Got the Tome of Poison and Combat Magic
123549 | Zig:14   | Identified the +6 arbalest of Niapnyst {elec, rF- rC+ rN+}
123653 | Zig:15   | Entered Level 15 of a ziggurat
123688 | Zig:15   | Found the +8 storm bow {elec, penet}
123940 | Zig:16   | Entered Level 16 of a ziggurat
123961 | Zig:16   | Found the +8 orange crystal plate armour {Archmagi, Int+3
                  | Clar}
124135 | Zig:16   | Identified the ring of the Messenger {Will++ MP+9 Str-3
                  | Int+4 Dex-2}
124257 | Zig:17   | Entered Level 17 of a ziggurat
124285 | Zig:17   | Found the +5 scythe "Finisher" {speed, eviscerate}
124377 | Zig:17   | Got the Reference Book on Feathers and Dislocation
124393 | Zig:17   | Identified the amulet "Fuucym" {Acrobat Harm Fragile Will++
                  | Int+2}
124501 | Zig:18   | Entered Level 18 of a ziggurat
124519 | Zig:18   | Noticed Xuimu the pandemonium lord
124519 | Zig:18   | Noticed Puesoh the pandemonium lord
124519 | Zig:18   | Noticed Qimul the pandemonium lord
124519 | Zig:18   | Noticed Alewk the pandemonium lord
124520 | Zig:18   | Noticed Zeugruit the pandemonium lord
124520 | Zig:18   | Noticed Uvogh the pandemonium lord
124522 | Zig:18   | Noticed Otunedgh the pandemonium lord
124525 | Zig:18   | Killed Zeugruit the pandemonium lord
124526 | Zig:18   | Noticed Amexzofu the pandemonium lord
124528 | Zig:18   | Killed Alewk the pandemonium lord
124529 | Zig:18   | Killed Uvogh the pandemonium lord
124537 | Zig:18   | Killed Puesoh the pandemonium lord
124538 | Zig:18   | Killed Qimul the pandemonium lord
124546 | Zig:18   | Killed Xuimu the pandemonium lord
124548 | Zig:18   | Killed Amexzofu the pandemonium lord
124551 | Zig:18   | Killed Otunedgh the pandemonium lord
124727 | Zig:18   | Identified the ring "Lemikes" {Fire *Slow Str+7 Int+3}
124879 | Zig:19   | Entered Level 19 of a ziggurat
124887 | Zig:19   | Noticed Ebru Zing the pandemonium lord
124895 | Zig:19   | Killed Ebru Zing the pandemonium lord
124901 | Zig:19   | Noticed Xujauw the pandemonium lord
124910 | Zig:19   | Noticed Rega the pandemonium lord
124914 | Zig:19   | Killed Xujauw the pandemonium lord
124923 | Zig:19   | Gained mutation: You occasionally shout uncontrollably at
                  | your foes. [a shining eye]
124925 | Zig:19   | Killed Rega the pandemonium lord
124925 | Zig:19   | Noticed Deloffos the pandemonium lord
124927 | Zig:19   | Noticed Itiruodgh the pandemonium lord
124935 | Zig:19   | Killed Deloffos the pandemonium lord
124938 | Zig:19   | Killed Itiruodgh the pandemonium lord
124938 | Zig:19   | Noticed Bemir the pandemonium lord
124954 | Zig:19   | Reached skill level 27 in Spellcasting
124956 | Zig:19   | Killed Bemir the pandemonium lord
125256 | Zig:19   | Found the +5 robe of Night {Dark Will+ SInv}
125276 | Zig:19   | Acquired a book of the Moon
125289 | Zig:19   | Learned a level 8 spell: Lehudib's Crystal Spear
125294 | Zig:19   | Learned a level 4 spell: Passage of Golubria
125319 | Zig:19   | Identified the ring "Talemip" {AC+4 Int+2}
125482 | Zig:19   | Acquired 367 gold pieces
125576 | Zig:20   | Entered Level 20 of a ziggurat
125602 | Zig:20   | Noticed an ancient lich
125602 | Zig:20   | Noticed an ancient lich
125604 | Zig:20   | Killed an ancient lich
125604 | Zig:20   | Killed an ancient lich
125605 | Zig:20   | Reached skill level 15 in Fighting
125607 | Zig:20   | Noticed a dread lich
125656 | Zig:20   | Killed a dread lich
125801 | Zig:20   | Identified the +3 long sword "Hairch" {drain, rPois Int+3}
125809 | Zig:20   | Identified the +11 bardiche "Esuur" {vorpal, *Slow rPois
                  | rF+++ Dex-2}
125826 | Zig:20   | Identified the ring "Hutteq" {rCorr MP+9}
125828 | Zig:20   | Identified the +10 dagger "Woroorchug" {drain, rN+++ rCorr
                  | MP-9 Str-5}
125829 | Zig:20   | Identified the +5 hand crossbow of Distraction {elec,
                  | *Corrode rElec rC++ Int+4}
126081 | Zig:21   | Entered Level 21 of a ziggurat
126352 | Zig:21   | Identified the +1 ring mail of the Turtledove {Fly Regen+}
126366 | Zig:21   | Identified the +3 leather armour of the Pits of Slime
                  | {rCorr Str+2}
126367 | Zig:21   | Identified the +5 great mace "Arcanum" {venom, Fly rElec
                  | rPois Int-5}
126378 | Zig:21   | Identified the ring "Esumyo" {Contam Fly rElec Str+9 Dex-4}
126391 | Zig:21   | Identified the ring "Ani Aky" {rCorr Int+6 Dex+4}
126438 | Zig:22   | Entered Level 22 of a ziggurat
126498 | Zig:22   | Reached skill level 15 in Dodging
126503 | Zig:22   | Found the +8 arc blade {discharge, rElec}
126566 | Zig:22   | Identified the ring of Xom's Wantonness {rElec rF++ AC+4
                  | Int-3}
126581 | Zig:22   | Identified the +2 chain mail "Huuz" {rCorr}
126586 | Zig:22   | Identified the +2 ring mail "Yqempur" {*Corrode rF- rC++
                  | Dex+4}
126602 | Zig:22   | Identified the +5 scimitar of the Foot {vorpal, rF+ rC++}
126743 | Zig:23   | Entered Level 23 of a ziggurat
127235 | Zig:23   | Identified the +1 robe of Xadaum {Str+4 Int+3 Dex+2}
127239 | Zig:23   | Identified the +10 short sword "Siahaef" {freeze, rElec rC-
                  | Dex+4}
127269 | Zig:23   | Identified the +0 pair of boots of the Valley of Death
                  | {Drain rN+++}
127306 | Zig:24   | Entered Level 24 of a ziggurat
128172 | Zig:24   | Identified the +7 arbalest of Valuable Assets {flame, Will+
                  | Str+3}
128186 | Zig:24   | Got the Volume of Transmigration and Venom
128311 | Zig:24   | Identified the +8 rapier of Vanity {antimagic, Fly rF+ rC-
                  | Str+2}
128324 | Zig:24   | Identified the +7 dagger of Xesyid {vorpal, rElec Str+3}
128331 | Zig:25   | Entered Level 25 of a ziggurat
128481 | Zig:25   | Found the +11 plutonium sword {Contam Stlth-}
129368 | Zig:25   | Identified the +10 spear of Dominance {venom, rPois rC+
                  | Str-3 Dex+5}
129372 | Zig:26   | Entered Level 26 of a ziggurat
129725 | Zig:26   | Identified the ring of Werrikko {rC++ rCorr Stlth-}
129735 | Zig:26   | Identified the +1 dagger of Rurphown {vorpal, Fragile
                  | Will++}
129885 | Zig:27   | Entered Level 27 of a ziggurat
130773 | Zig:27   | Found the +7 sceptre of Torment {pain, torment}
130852 | Zig:27   | Found the macabre finger necklace {rN+}
130860 | Zig:27   | Identified the ring "Vybetz" {EV+4 Dex+2}
130863 | Zig:27   | Identified the amulet of Kitsunko {Reflect -Cast Fragile
                  | rF+++ Regen+ SH+5}
130893 | Zig:27   | Identified the amulet of the Scarab {Acrobat rF+}
130902 | Zig:27   | Identified the +2 leather armour of Whack-A-Mole {Dex+2
                  | Slay+3}
130905 | Zig:27   | Identified the +3 shortbow of Nightmares {venom, rF+ Dex-3
                  | Stlth+}
131206 | Zot:5    | Learned a level 3 spell: Swiftness
131206 | Zot:5    | Got the Orb of Zot
131224 | Zot:5    | Noticed Bawoidi the pandemonium lord
131224 | Zot:5    | Noticed an ancient lich
131242 | Zot:5    | Killed Bawoidi the pandemonium lord
131462 | Depths:1 | Lost mutation: You occasionally shout uncontrollably at
                  | your foes. [potion of mutation]
131462 | Depths:1 | Gained mutation: You have an increased reservoir of magic.
                  | (+10% MP) [potion of mutation]
131462 | Depths:1 | Gained mutation: You have very sharp teeth. [potion of
                  | mutation]
131462 | Depths:1 | Gained mutation: You are occasionally teleported next to
                  | monsters. [potion of mutation]
131463 | Depths:1 | Lost mutation: You have an increased reservoir of magic.
                  | (+10% MP) [potion of mutation]
131463 | Depths:1 | Lost mutation: You are occasionally teleported next to
                  | monsters. [potion of mutation]
131463 | Depths:1 | Gained mutation: Your spells are a little harder to cast,
                  | but a little more powerful. [potion of mutation]
131463 | Depths:1 | Gained mutation: Your flesh is cold resistant. (rC+)
                  | [potion of mutation]
131472 | Depths:1 | Noticed Dyfuosk the pandemonium lord
131484 | Depths:1 | Killed Dyfuosk the pandemonium lord
131636 | D:10     | Noticed Kuypopy the pandemonium lord
131876 | D:$      | Escaped with the Orb!

Illustrated notes

Levels and vault maps discovered:
D:1:      amcnicky_arrival_double_pillar, layout_basic, solitary_fountain
D:2:      layout_basic, hellmonk_ecumenical_altar_pennies_from_heaven,
          uniq_natasha
D:3:      layout_loops_ring, gup_sewer_entry_bowl, gammafunk_ghost_mausoleum,
          uniq_sigmund
D:4:      layout_basic, serial_shops, nicolae_shop_trees
D:5:      layout_loops_ring, mainiacjoe_overflow_concentric_impassable
D:6:      layout_loops_ring, amcnicky_mini_pool_small, pf_guarded_unrand_meek
D:7:      minmay_recursive_quarters, layout_cave_pools,
          minmay_temple_entry_hall, corner_web_ring
D:8:      cheibrodos_fzero, layout_cave_pools, ebering_ghost_reflecting_pool
D:9:      layout_stronghold, lair_entry_dummy, orc_0_dummy, serial_shops, shop,
          shop, nicolae_shop_temple_entry_statues_fountains,
          nicolae_shop_crystal, enter_bailey_5
D:10:     layout_loops_corners, serial_park_tiny_pond
D:11:     layout_loops_ring, uniq_erica
D:12:     layout_roguey, serial_shops, kennysheep_mini, minmay_alternating_orb,
          uniq_jorgrun, uniq_urug
D:13:     layout_cave_pods, david_vaults_4, ashenzari_conservatory_becter
D:14:     layout_cave_pools, serial_column_ruins, column_ruins_square_small,
          column_ruins_columns_straight, column_ruins_grid_1,
          column_ruins_open_tiny, column_ruins_open_tiny, column_ruins_grid_3,
          column_ruins_corridor_corner, column_ruins_open_small,
          minmay_misc_feat_x, serial_shops, nicolae_shop_hallway_plus
D:15:     gammafunk_enter_depths_forms, layout_basic, minmay_misc_feat_hallway
Temple:   dpeg_three_leaves_temple
Lair:1:   layout_regular_city
Lair:2:   layout_loops_ring, chequers_serial_rivers_micro_d, minivault_23
Lair:3:   layout_cave_pods, minmay_snake_entry_guardpost_medium
Lair:4:   layout_small_grid, skrybe_swamp_entry_bodies, lemuel_fruit_fields
Lair:5:   layout_roguey, nicolae_slime_entry_slimehenge, basic_altar,
          serial_bayou, serial_bayou_shore_b, serial_bayou_pond_b,
          serial_bayou_shore_b, serial_bayou_lagoon_b, beast_lair_carwin_1
Lair:6:   cheibrodos_lair_end_hotspot, layout_cave_pods,
          portal_ice_cave_entry_ice_simulacra, infiniplex_staircase_pool_2,
          serial_bayou_shore_b, uniq_josephine
Swamp:1:  layout_basic_swamp, nicolae_swamp_decorative_isthmus
Swamp:2:  layout_falls_marsh, evilmike_swamp_ruin_house_6, uniq_roxanne,
          uniq_mlioglotl
Swamp:3:  layout_basic_swamp, evilmike_swamp_ruin_rubble_1
Swamp:4:  swamp_old_school, layout_basic_swamp, uniq_bai_suzhen, uniq_nikola
Snake:1:  layout_misc_corridors, basic_altar
Snake:2:  layout_layer_cave
Snake:3:  layout_rooms, nicolae_snake_omega
Snake:4:  johnstein_snake_rune_scales, layout_onion,
          nicolae_snake_salamander_jacuzzi, grunt_megastairs_5
Orc:1:    layout_caves
Orc:2:    st_orc_ogre_mass, layout_caves, minmay_orc_barracks
Elf:1:    nicolae_elf_arrival_no_cutting_in_line, layout_geoelf_diagonals,
          hangedman_elven_crosses_minicolossus, nicolae_shop_clearance,
          grunt_megastairs_1
Elf:2:    elven_hall_of_blades_hangedman_original [nicolae_blade_bullseye],
          layout_onion_city
Elf:3:    minmay_elf_hall_statues, layout_geoelf_octagon,
          nicolae_shop_overcharged_wands, minmay_shoptagon
Vaults:1: v_misc_3, vaults_room_corners, hangedman_vaults_hard_town_square,
          nicolae_vaults_three_branches, vaults_room_fours,
          vaults_standard_mumra_enter_the_diamond,
          nicolae_vaults_stairing_the_circle, ontoclasm_vaults_pinch,
          nicolae_vaults_shelves_hall, grunt_vaults_hallway_short,
          ontoclasm_vaults_decontamination, nicolae_vaults_shelves_hall,
          vaults_room_pool, ontoclasm_vaults_shuriken, layout_vaults_omnicross,
          serial_shops, nicolae_diamond_shop
Vaults:2: gammafunk_ghost_spectres, door_vault, hangedman_vaults_nails,
          hangedman_vaults_impose, v_misc_10, v_misc_13, vaults_dpeg_diagonal,
          hangedman_vaults_capsules, layout_vaults_chaotic_city, uniq_saint_roka
Vaults:3: nicolae_vaults_network_quinsquares
          [nicolae_vaults_network_quincunx_subvault,
          nicolae_vaults_network_quincunx_subvault,
          nicolae_vaults_network_quincunx_subvault,
          nicolae_vaults_network_quincunx_subvault],
          minmay_crypt_entry_simple_walls, ontoclasm_vaults_ring_large,
          grunt_vaults_hallway_short, vaults_standard_mumra_x,
          nicolae_vaults_sealed_display, v_misc_16, v_alt_pattern_2,
          ontoclasm_vaults_spin, vaults_dpeg_cross,
          nicolae_vaults_network_square, special_room_vaults [special_room_orc],
          layout_vaults_ring, serial_shops, shop, uniq_xtahua
Vaults:4: vaults_room_grunt_arrival_ludios, v_misc_28, v_misc_14,
          hangedman_vaults_impose, ontoclasm_vaults_gateway,
          vaults_mumra_minichess_inversion, vaults_room_stairs_pillars,
          ontoclasm_vaults_hangar, st_octagons_2, v_misc_30,
          hangedman_vaults_pinch, grunt_vaults_trifunnel,
          vaults_room_ringed_pool, v_misc_14, vaults_room_mumra_shop_pool,
          v_misc_8, hangedman_vaults_stretched_pinwheel, layout_vaults_omnibox
Vaults:5
Crypt:1:  layout_misc_corridors, st_stairs_11, feat_on_display,
          grunt_crypt_arrival_split
Crypt:2:  layout_chaotic_city, basic_altar, grunt_ministairs_3, uniq_boris
Crypt:3:  quadcrypt_mu
Depths:1: minmay_spriggan_fort, layout_cave_pools, enter_ziggurat_f,
          hellmouth_1, minmay_misc_feat_roman, xom_confusion_cloud,
          minmay_shop_grove, firewood_loft
Depths:2: minmay_haunted_quarter, layout_long_grid, abyss_entry, hell_entry,
          rand_demon_pan_entry_9, minmay_staircase_statues
Depths:3: minmay_the_grid_triangle_9x9_rhombus_full
          [minmay_the_grid_triangle_9x9_negative_grid,
          minmay_the_grid_triangle_9x9_descending_squares,
          minmay_the_grid_triangle_9x9_limited_checkers,
          minmay_the_grid_triangle_9x9_tough_junction,
          minmay_the_grid_triangle_9x9_steps,
          minmay_the_grid_triangle_9x9_warning,
          minmay_the_grid_triangle_9x9_zippers_vertical,
          minmay_the_grid_triangle_9x9_prize_schism], layout_honeycomb,
          grunt_dithmenos_smoke_and_mirrors, abyss_entry, grunt_metal_band,
          infiniplex_staircase_pool_1, uniq_margery
Depths:4: evilmike_zot_entry_gauntlet, layout_cave_pools, abyss_entry_glasseish,
          hell_entry, fedhas_altar_1, hangedman_abyss_or_decor_passed
Zot:1:    layout_gridlike
Zot:2:    layout_cathedral_of_symmetry
Zot:3:    dreamdust_black_sun_cult, layout_basic, zot_minivault_7
Zot:4:    layout_cellular_growth
Zot:5:    layout_basic

Skill      XL: |  1  2  3  4  5  6  7  8  9 10 11 12 13 14 15 16 17 18 19 20 21 22 23 24 25 26 27 |
---------------+----------------------------------------------------------------------------------+-----
Stealth        | 3 5 7 10 12 | 12.0
Conjurations   | 5 6 7 9 10 12 13 14 15 16 18 19 24 | 24.2
Hexes          | 1 2 4 6 9 10 12 13 14 15 | 15.0
Spellcasting   | 3 4 5 6 7 8 10 13 14 15 16 18 19 20 27 | 27.0
Evocations     | 3 |  3.0
Fighting       | 2 3 5 6 8 10 20 | 20.0
Shields        | 5 6 9 11 14 16 | 16.0
Translocations | 3 4 |  4.0
Dodging        | 3 5 6 7 8 9 10 20 | 20.0
Poison Magic   | 2 |  2.0
Earth Magic    | 5 10 14 17 21 22 24 27 | 27.0
Summonings     | 10 11 12 13 14 15 16 | 16.0
Necromancy     | 4 8 |  8.0
Invocations    | 8 |  8.0

Action                   |  1- 3 |  4- 6 |  7- 9 | 10-12 | 13-15 | 16-18 | 19-21 | 22-24 | 25-27 || total
-------------------------+-------+-------+-------+-------+-------+-------+-------+-------+-------++-------
Melee: Spear             |    22 |     8 |     6 |     2 |       |       |       |       |       ||    38
       Tentacles         |     3 |     1 |     2 |     4 |     4 |     2 |    11 |     8 |    30 ||    65
       Constrict         |     3 |     3 |     1 |     1 |       |     3 |     6 |     1 |    12 ||    30
       Quarterstaff      |       |       |     3 |       |       |       |       |       |       ||     3
       Staff             |       |       |     1 |     8 |    11 |     8 |    24 |    25 |    87 ||   164
       Flail             |       |       |       |    10 |       |       |       |       |       ||    10
       Rapier            |       |       |       |       |       |       |     3 |       |       ||     3
       Punch             |       |       |       |       |       |       |       |       |     2 ||     2
       Bite              |       |       |       |       |       |       |       |       |     1 ||     1
 Cast: Magic Dart        |    50 |    39 |   106 |   110 |   117 |   315 |   158 |    18 |       ||   913
       Searing Ray       |     2 |    14 |    30 |    17 |    41 |    10 |    10 |     8 |       ||   132
       Fulminant Prism   |       |       |    34 |   192 |   268 |    82 |    70 |    67 |    42 ||   755
       Iskenderun's Myst |       |       |     1 |    16 |    34 |     8 |    15 |    16 |    21 ||   111
       Poisonous Vapours |       |       |       |     1 |     5 |       |       |       |       ||     6
       Iskenderun's Batt |       |       |       |       |    65 |   106 |    98 |    32 |    29 ||   330
       Cause Fear        |       |       |       |       |     1 |       |       |       |       ||     1
       Iron Shot         |       |       |       |       |    22 |   119 |   240 |   176 |   286 ||   843
       Spellforged Servi |       |       |       |       |     8 |   121 |   172 |   147 |   227 ||   675
       Sublimation of Bl |       |       |       |       |       |     6 |     5 |    12 |   158 ||   181
       Monstrous Menager |       |       |       |       |       |       |    12 |     7 |     9 ||    28
       Orb of Destructio |       |       |       |       |       |       |    58 |    54 |   263 ||   375
       Lee's Rapid Decon |       |       |       |       |       |       |       |   151 |   276 ||   427
       Shatter           |       |       |       |       |       |       |       |     3 |   135 ||   138
       Lehudib's Crystal |       |       |       |       |       |       |       |       |    44 ||    44
       Passage of Golubr |       |       |       |       |       |       |       |       |     7 ||     7
       Enfeeble          |       |       |       |       |       |       |       |       |     6 ||     6
       Swiftness         |       |       |       |       |       |       |       |       |     1 ||     1
Invok: Call Merchant     |       |       |       |       |     4 |     1 |     3 |     1 |     2 ||    11
       Potion Petition   |       |       |       |       |       |       |       |       |    42 ||    42
Evoke: Wand              |       |       |     4 |    12 |     6 |     1 |       |       |    23 ||    46
       Phantom mirror    |       |       |       |       |       |       |     1 |       |     3 ||     4
       Condenser vane    |       |       |       |       |       |       |     1 |       |     1 ||     2
       Box of beasts     |       |       |       |       |       |       |       |       |     3 ||     3
  Use: Scroll            |       |     4 |     7 |     7 |    18 |     8 |     7 |    12 |    28 ||    91
       Potion            |       |       |     1 |     1 |     6 |     3 |     2 |    10 |    30 ||    53
 Stab: Sleeping          |     4 |       |       |       |       |       |     4 |       |       ||     8
       Distracted        |       |       |       |       |       |       |     2 |     4 |       ||     6
       Invisible         |       |       |       |       |       |       |       |       |     1 ||     1
Armor: Skin              |       |     1 |       |     1 |       |    24 |    44 |    11 |    62 ||   143
Dodge: Dodged            |     5 |     6 |    14 |    25 |    34 |    58 |    80 |    39 |   166 ||   427
Block: Buckler           |       |       |     2 |    18 |    10 |    32 |    23 |       |       ||    85
       Reflection        |       |       |       |     5 |     4 |    21 |     5 |       |       ||    35
       Kite shield       |       |       |       |       |       |       |    54 |    82 |   242 ||   378
